 Dungeon Crawl Stone Soup version 0.30-b1-2-g02819fbbbe (webtiles) character file.

Game seed: 15884568033287643364

270 Flugkiller the Chopper (level 6, 0/55 HPs)
             Began as a Minotaur Fighter on May 8, 2023.
             Slain by a lemure (8 damage)
             ... led by Pikel
             ... on level 4 of the Dungeon.
             The game lasted 00:01:09 (2132 turns).

Flugkiller the Chopper (Minotaur Fighter)           Turns: 2132, Time: 00:01:09

Health: 0/55       AC:  9    Str: 23    XL:     6   Next: 1%
Magic:  5/5        EV:  8    Int:  5    God:
Gold:   198        SH:  4    Dex:  9    Spells: 5/5 levels left

rFire   . . .        a - +0 war axe
rCold   . . .        c - +0 buckler
rNeg    . . .        j - +0 chain mail
rPois   .            (helmet restricted)
rElec   .            (no cloak)
rCorr   .            (no gloves)
SInv    .            (no boots)
Will    .....        (no amulet) Stlth
                     (no ring)
HPRegen 0.29/turn    (no ring)
MPRegen 0.09/turn

%: no passive effects
@: no status effects
A: horns 2, retaliatory headbutt
a: no special abilities


You were on level 4 of the Dungeon.
You visited 1 branch of the dungeon, and saw 4 of its levels.

You collected 198 gold pieces.

Inventory:

Hand Weapons
 a - a +0 war axe (weapon)
Armour
 c - a +0 buckler (worn)
 j - a +0 chain mail (worn)
   (You found it on level 2 of the Dungeon)
Scrolls
 b - a scroll of poison {unknown}
 e - a scroll of noise {unknown}
 f - a scroll of identify {unknown}
 i - 2 scrolls of teleportation {unknown}
 m - a scroll of silence {unknown}
 n - a scroll of blinking {unknown}
 o - a scroll of vulnerability {unknown}
Potions
 d - a potion of might
 g - 2 potions of haste {unknown}
 h - 3 potions of heal wounds {unknown}
 k - a potion of flight {unknown}
 l - a potion of cancellation {unknown}
 p - a potion of mutation {unknown}


   Skills:
 + Level 4.8 Fighting
 * Level 5.2 Axes
 + Level 4.8 Armour
 + Level 4.8 Shields


You had 5 spell levels left.
You didn't know any spells.
Your spell library was empty.

Dungeon Overview and Level Annotations

Branches:
Dungeon (4/15)
 Temple: D:4-7

Altars:

Shops:
D:1 [

Annotations:
D:4 Pikel


Innate Abilities, Weirdness & Mutations

You have a pair of horns on your head.
You reflexively headbutt those who attack you in melee.


Message History

You barely miss the hound. Your headbutt misses the hound.
The hound is almost dead.
The hound barely misses you. The hound bites you but does no damage.
You miss the hound.
The hound is almost dead.
The hound bites you but does no damage.
You closely miss the hound.
The hound is almost dead.
The hound bites you. The hound bites you but does no damage.
You hit the hound.
You kill the hound!
You have reached level 6!
HP restored.
p - a fizzy cyan potion
Found a stone staircase leading down.
You open the door.
There is an open door here.
An endoplasm comes into view.
The endoplasm quivers.
An endoplasm is nearby!
You hit the endoplasm.
You kill the endoplasm!
No target in view!
No target in view!
No target in view!
No target in view!
No target in view!
No target in view!
You open the door.
There is an open door here.
You open the door.
There is an open door here.
You open the door.
There is an open door here.
You open the door.
Pikel and 2 lemures come into view.
Pikel is wielding a +2 whip of freezing.
Pikel shouts!
The lemure shouts! x2; You hear a shout! x2
Pikel moves out of view.
You hear a shout!
There are monsters nearby!
There are monsters nearby! 2 lemures come into view.
The lemure shouts! x2
A goblin comes into view. It is wielding a +0 dagger.
There is an open door here.
You hit Pikel.
Pikel is lightly wounded.
You closely miss the lemure. You hit the lemure.
The lemure hits you but does no damage.
You barely miss Pikel.
Pikel is lightly wounded.
You hit the lemure. You closely miss the lemure. The lemure barely misses you.
You furiously retaliate!
You headbutt the lemure! The lemure completely misses you.
Pikel hits you with a +2 whip of freezing!
Pikel freezes you. The lemure closely misses you. x2
The lemure hits you but does no damage.
Pikel hits you with a +2 whip of freezing!
Pikel freezes you.
You closely miss the lemure. Your headbutt misses the lemure.
The lemure is heavily wounded.
You barely miss the lemure. You barely miss Pikel. You hit the lemure.
The lemure hits you but does no damage. You block the lemure's attack.
Pikel hits you with a +2 whip of freezing.
Pikel freezes you. The lemure completely misses you. You furiously retaliate!
You headbutt the lemure. You closely miss the lemure.
The lemure is heavily wounded.
You closely miss the lemure. x2; You barely miss Pikel.
The lemure hits you but does no damage. The lemure hits you.
Pikel hits you with a +2 whip of freezing.
Pikel freezes you.
You slash the lemure!
The lemure is severely wounded.
You hit the lemure. You closely miss Pikel. You slash the goblin!
You kill the goblin!
You barely miss the lemure. The lemure barely misses you.
The lemure hits you but does no damage. The lemure hits you.
Pikel hits you with a +2 whip of freezing!
Pikel freezes you.
* * * LOW HITPOINT WARNING * * *
You are too injured to fight recklessly!
You slash the lemure!
You kill the lemure!
That felt strangely unrewarding.
You hit Pikel. You closely miss the lemure.
You hit the lemure but do no damage. You closely miss the lemure.
The lemure hits you but does no damage. Pikel closely misses you.
The lemure hits you.
* * * LOW HITPOINT WARNING * * *
The lemure barely misses you. The lemure hits you.
* * * LOW HITPOINT WARNING * * *
The lemure closely misses you.
Pikel hits you with a +2 whip of freezing.
* * * LOW HITPOINT WARNING * * *
Pikel freezes you.
* * * LOW HITPOINT WARNING * * *
The lemure hits you but does no damage. The lemure hits you!
You die...

......'........#.....#
......#........#.....#
......#........'.....#
......#...##'####.##.#
.######...##.####.#######
. #.............#....#
#.............'....#
#.............#....#
###########@########
.......55......
.......K5......
...............
...............
...............
###############


You could see Pikel and 3 lemures.

Vanquished Creatures
  A centaur (D:3)
  A lemure (D:4)
  A hound (D:4)
  Jessica (D:3)
  An iguana (D:3)
  6 adders
  An ufetubus (D:4)
  2 worms (D:1)
  2 orcs (D:3)
  2 bats (D:2)
  2 endoplasms
  5 giant cockroaches
  5 goblins
  4 quokkas
  4 ball pythons
  4 frilled lizards
  5 kobolds
  2 rats
49 creatures vanquished.

Vanquished Creatures (others)
  2 fungi (D:1)
2 creatures vanquished.

Grand Total: 51 creatures vanquished

Notes
Turn   | Place    | Note
-------+----------+-------------------------------------------
     0 | D:1      | Flugkiller the Minotaur Fighter began the quest for the
                  | Orb.
     0 | D:1      | Reached XP level 1. HP: 19/19 MP: 0/0
   140 | D:1      | Found Imunoly's Armour Boutique.
   267 | D:1      | Reached XP level 2. HP: 25/25 MP: 1/1
   312 | D:1      | HP: 1/25 [worm (3)]
   313 | D:1      | Reached skill level 3 in Axes
   563 | D:1      | Found a faded altar of an unknown god.
   718 | D:2      | Reached XP level 3. HP: 25/33 MP: 2/2
   989 | D:2      | Reached XP level 4. HP: 40/40 MP: 3/3
  1395 | D:3      | Reached skill level 4 in Axes
  1574 | D:3      | Noticed a centaur
  1584 | D:3      | Killed a centaur
  1585 | D:3      | Reached XP level 5. HP: 43/47 MP: 4/4
  1640 | D:3      | Noticed Jessica
  1648 | D:3      | Killed Jessica
  1681 | D:3      | Reached skill level 5 in Axes
  2062 | D:4      | Reached XP level 6. HP: 50/55 MP: 5/5
  2123 | D:4      | Noticed Pikel
  2132 | D:4      | Slain by a lemure

Illustrated notes

Levels and vault maps discovered:
D:1:      dpeg_arrival_prison, layout_rooms, serial_shops,
          nicolae_shop_tiny_waterfront, basic_ecumenical_altar,
          nicolae_wormholes
D:2:      layout_loops_ring, kennysheep_generic_room_6
D:3:      layout_basic, uniq_jessica
D:4:      layout_gridville, uniq_eustachio, uniq_pikel, uniq_natasha

Skill      XL: |  1  2  3  4  5 |
---------------+----------------+-----
Axes           | 3 4 5 |  5.2
Fighting       | 4 |  4.8
Armour         | 4 |  4.8
Shields        | 4 |  4.8

Action                     |  1- 3 |  4- 6 || total
---------------------------+-------+-------++-------
  Melee: War axe           |    87 |    62 ||   149
         Headbutt          |    12 |     5 ||    17
 Armour: Scale mail        |     9 |       ||     9
         Chain mail        |    24 |    57 ||    81
  Dodge: Dodged            |    32 |    35 ||    67
  Block: Buckler           |    23 |    27 ||    50
